[Event "Team 45 45 League T38"]
[Site "Internet Chess Club"]
[Date "2008.07.31"]
[Round "2"]
[White "f5"]
[Black "frothyjowels"]
[Result "0-1"]
[WhiteElo "2198"]
[BlackElo "2239"]
[Opening "Bird's opening"]
[ECO "A03"]
[Time "11:57:55"]
[TimeControl "2700+45"]

1. f4 d5 2. Nf3 Nf6 3. g3 Bf5 4. Bg2 e6 5. d3 Bd6 6. O-O O-O 7. Qe1 Nbd7 8. Nc3
c6 9. Kh1 Bc5 10. e4 dxe4 11. dxe4 Bg6 12. a3 a5 13. e5 Nd5 14. Ne4 Be7 15. c4
N5b6 16. Qe2 Bxe4 17. Qxe4 Nc5 18. Qc2 Qd3 19. Qxd3 Nxd3 20. b3 Bc5 21. Ra2 Rfd8
22. Ng5 Nxc1 23. Rxc1 Rd3 24. Ne4 Be7 25. Rb1 Rad8 26. Nf2 Rd2 27. Rxd2 Rxd2 28.
Ne4 Rd3 29. a4 f6 30. exf6 gxf6 31. Nf2 Rd2 32. Ne4 Rd4 33. h4 Rd3 34. Kh2 Nd7
35. Nf2 Rd2 36. Ne4 Rd4 37. Rf1 f5 38. Ng5 Bxg5 39. hxg5 Nc5 40. Rf3 Rd2 41. Re3
Kf7 42. g4 fxg4 43. Kg3 Rb2 44. Bf1 Nxb3 45. Bd3 Nc5 46. Bxh7 Rb4 47. Kxg4 Rxc4
48. Rh3 e5 49. Kf5 exf4 50. Ke5 Nd7+ 51. Kd6 Nf8 52. Bd3 Rxa4 53. Bb1 Rd4+ 54.
Ke5 c5 55. Ba2+ Kg6 56. Bd5 b5 57. Rh8 Nd7+ 58. Ke6 Kxg5 59. Rg8+ Kh4 60. Bc6
Nf6 61. Rf8 c4 62. Bxb5 Ng4 63. Ba4 c3 64. Bc2 Rd2 65. Be4 Kg3 66. Rc8 c2 67.
Rxc2 Rxc2 68. Bxc2 Ne3 69. Ba4 Nc4 70. Bb5 Nb2 71. Ke5 a4 72. Kd4 a3 73. Kc3
Nd1+ 74. Kb3 a2 {White resigns} 0-1

[Event "Team 45 45 League T38"]
[Site "Internet Chess Club"]
[Date "2008.08.01"]
[Round "2"]
[White "DeepStudy"]
[Black "Elddir"]
[Result "1-0"]
[WhiteElo "2120"]
[BlackElo "2080"]
[Opening "Trompowsky attack (Ruth, Opocenský opening)"]
[ECO "A45"]
[Time "15:00:17"]
[TimeControl "2700+45"]

1. d4 Nf6 2. Bg5 Ne4 3. Bf4 c5 4. dxc5 Nxc5 5. Nc3 d6 6. e4 Nc6 7. Nf3 a6 8. Qd2
b5 9. a3 Bb7 10. Rd1 Nd7 11. Be2 h6 12. O-O g5 13. Be3 Bg7 14. Nd4 Nxd4 15. Bxd4
Ne5 16. Nd5 Bxd5 17. exd5 Bf6 18. a4 bxa4 19. Ra1 Nd7 20. Rxa4 O-O 21. Bxf6 Nxf6
22. h4 Nh7 23. Bd3 f5 24. Rfa1 Qb6 25. b3 Qb7 26. Rxa6 Rxa6 27. Rxa6 Ra8 28.
Rxa8+ Qxa8 29. Qe1 Kf8 30. Bxf5 Nf6 31. hxg5 hxg5 32. c4 Qa3 33. Qe3 g4 34. Be6
Ke8 35. Qh6 Kd8 36. Qf8+ Ne8 37. Bxg4 Qa1+ 38. Kh2 Qd4 39. Qf5 Qh8+ 40. Bh3 Kc7
41. Qc8+ Kb6 42. Qb8+ Kc5 43. Qa7+ Kb4 44. Qa4+ Kc5 45. Qa5+ {Black resigns} 1-0

[Event "Team 45 45 League T38"]
[Site "Internet Chess Club"]
[Date "2008.08.04"]
[Round "2"]
[White "political"]
[Black "Budzo"]
[Result "1-0"]
[WhiteElo "1818"]
[BlackElo "1716"]
[Opening "QGD"]
[ECO "D52"]
[Time "20:00:25"]
[TimeControl "2700+45"]

1. d4 d5 2. Bg5 Nd7 3. Nf3 Ngf6 4. e3 e6 5. c4 c6 6. Nc3 Be7 7. Qc2 O-O 8. Be2
dxc4 9. Bxc4 b5 10. Bd3 Bb7 11. O-O a6 12. Rfd1 h6 13. Bh4 Nd5 14. Bxe7 Qxe7 15.
Nxd5 cxd5 16. Qc7 Rfc8 17. Qxb7 Qd6 18. Rdc1 {Black resigns} 1-0

[Event "Team 45 45 League T38"]
[Site "Internet Chess Club"]
[Date "2008.08.02"]
[Round "2"]
[White "Avedldesierto"]
[Black "frankd"]
[Result "1-0"]
[WhiteElo "1848"]
[BlackElo "1705"]
[Opening "Pirc: Sveshnikov system"]
[ECO "B07"]
[Time "19:01:58"]
[TimeControl "2700+45"]

1. e4 d6 2. g3 Nf6 3. Nc3 g6 4. d4 Bg7 5. Be3 O-O 6. Be2 c6 7. Nf3 b5 8. b3 b4
9. e5 bxc3 10. exf6 Bxf6 11. Qd3 Ba6 12. Qxc3 Bxe2 13. Kxe2 c5 14. Qd2 Nc6 15.
Rad1 cxd4 16. Nxd4 Qc7 17. Rhe1 a6 18. c4 Rfd8 19. Nf3 Qb7 20. Kf1 Ne5 21. Nxe5
Bxe5 22. Kg1 a5 23. Bh6 Bg7 24. Bf4 Bf8 25. Qd5 Rd7 26. c5 Qxd5 27. Rxd5 Ra6 28.
cxd6 exd6 29. Bd2 a4 30. b4 Rb6 31. Re8 Kg7 32. a3 Re7 33. Ra8 f5 34. Be3 Rbb7
35. Rxa4 Re4 36. Kg2 Kf7 37. Bf4 Ke6 38. Raa5 Rb6 39. Rdb5 Rc6 40. Ra7 h6 41.
Rb8 g5 42. Be3 Be7 43. Re8 Kf7 44. Rh8 Kg7 45. Rb8 d5 46. Bc5 Rce6 47. Rbb7 Kf6
48. Bxe7+ Rxe7 49. Rxe7 Rxe7 50. Rxe7 Kxe7 51. Kf3 Kd6 52. Ke3 Ke5 53. f4+ Kd6
54. Kd4 g4 55. b5 h5 56. a4 {Black resigns} 1-0

[Event "Team 45 45 League T38"]
[Site "Internet Chess Club"]
[Date "2008.08.02"]
[Round "2"]
[White "clarinetref"]
[Black "sallegreco"]
[Result "1-0"]
[WhiteElo "1672"]
[BlackElo "1489"]
[Opening "Réti: King's Indian attack"]
[ECO "A05"]
[Time "11:05:10"]
[TimeControl "2700+45"]

1. Nf3 Nf6 2. g3 g6 3. Bg2 Bg7 4. d3 O-O 5. O-O d6 6. e4 c5 7. c3 Nc6 8. h3 Be6
9. Ng5 Bd7 10. f4 h6 {Black resigns} 1-0

[Event "Team 45 45 League T38"]
[Site "Internet Chess Club"]
[Date "2008.08.05"]
[Round "2"]
[White "arriero55"]
[Black "RD1974"]
[Result "1/2-1/2"]
[WhiteElo "1462"]
[BlackElo "1587"]
[Opening "Scandinavian: Pytel-Wade variation"]
[ECO "B01"]
[Time "18:13:00"]
[TimeControl "2700+45"]

1. e4 d5 2. exd5 Qxd5 3. Nc3 Qd6 4. d4 Nf6 5. Nf3 a6 6. Be2 Nc6 7. h3 h6 8. Be3
Bf5 9. Bd3 Bxd3 10. Qxd3 e6 11. a3 Be7 12. Nd2 O-O 13. Nc4 Qd8 14. Rd1 Nd5 15.
Bd2 b5 16. Ne5 Nxe5 17. dxe5 c6 18. Qg3 Kh7 19. O-O Qc7 20. Rfe1 Rad8 21. Ne4 c5
22. Qd3 g6 23. Qe2 Kg7 24. Ng3 c4 25. c3 Qb6 26. Bc1 Rh8 27. Qe4 Bxa3 28. Qg4 h5
29. Qf3 Be7 30. Nf1 Bc5 31. Bg5 Rdf8 32. Ng3 {Game drawn by mutual agreement}
1/2-1/2

[Event "Team 45 45 League T38"]
[Site "Internet Chess Club"]
[Date "2008.07.31"]
[Round "2"]
[White "Aquaman"]
[Black "Tomate"]
[Result "0-1"]
[WhiteElo "1400"]
[BlackElo "1462"]
[Opening "Pirc: Byrne variation"]
[ECO "B07"]
[Time "20:02:36"]
[TimeControl "2700+45"]

1. d4 Nf6 2. Nc3 g6 3. e4 d6 4. Bg5 Bg7 5. e5 Nfd7 6. exd6 cxd6 7. Qd2 O-O 8.
Bh6 Nc6 9. Bxg7 Kxg7 10. Nf3 Nf6 11. Be2 Qb6 12. O-O-O a6 13. h3 Qc7 14. g4 b5
15. g5 Ne8 16. Nd5 Qb7 17. h4 Bg4 18. Ng1 Bxe2 19. Qxe2 Nb4 20. Nxb4 Qxh1 21.
Nf3 Qh3 22. Qe4 Nc7 23. Ne1 Qd7 24. d5 a5 25. Nbd3 e6 26. Qg4 Nxd5 27. h5 gxh5
28. Qxh5 Qc7 29. Nf3 Nb4 30. Nxb4 axb4 31. Qh6+ Kh8 32. Kb1 Rg8 33. Qf6+ Rg7 34.
Qd4 d5 35. Qxb4 Rc8 36. Rc1 Qb6 37. Qd2 Rc4 38. b3 Rc7 39. Ne5 Qd6 40. Ng4 Qb6
41. Nf6 Rc8 42. Nd7 Qd8 43. Nf6 d4 44. f4 Qd6 45. Rd1 Rd8 46. Ne4 Qb6 47. Nf6
Qc5 48. Qa5 Rc8 49. Rc1 Qf5 50. Qd2 Qc5 51. Ne4 Qd5 52. Nf6 Qd8 53. Nh5 Rg6 54.
Nf6 Kg7 55. Nh5+ Kf8 56. Nf6 Rg7 57. Qh2 Ke7 58. Qe2 Qd6 59. Nh5 Rgg8 60. Qxb5
Rc5 61. Qb7+ Rc7 62. Qe4 Rgc8 63. Qxh7 d3 64. Qh6 Qd4 65. Qf6+ Qxf6 66. gxf6+
Kf8 67. c4 Rc5 68. Rd1 Rd8 69. Kb2 Rxh5 70. Kc3 Rh3 71. a4 d2+ 72. Kc2 Rdd3 73.
b4 Rc3+ 74. Kxd2 Rhd3+ 75. Ke2 Rxd1 76. Kxd1 Rxc4 {White resigns} 0-1

[Event "Team 45 45 League T38"]
[Site "Internet Chess Club"]
[Date "2008.08.02"]
[Round "2"]
[White "thepawneater"]
[Black "vkpanch"]
[Result "1-0"]
[WhiteElo "1800"]
[BlackElo "1647"]
[Opening "Sicilian: Grand Prix attack"]
[ECO "B23"]
[Time "19:01:43"]
[TimeControl "2700+45"]

1. e4 c5 2. Nc3 Nc6 3. f4 g6 4. Nf3 Bg7 5. Bb5 a6 6. Bxc6 bxc6 7. O-O d6 8. d3
Nf6 9. Qe1 O-O 10. Qh4 Nd7 11. f5 Ne5 12. Bh6 Bxh6 13. Qxh6 Ng4 14. Qh4 h5 15.
h3 Ne3 16. Rf2 d5 17. fxg6 fxg6 18. Qg5 Qd6 19. e5 Qe6 20. Qxe3 d4 21. Qe4 dxc3
22. Ng5 cxb2 23. Rxf8+ Kg7 24. Nxe6+ Bxe6 25. Rb1 Rxf8 26. Rxb2 Bd5 27. Qh4 e6
28. Rb7+ Rf7 29. Qf6+ Kh6 30. Qxf7 Bxa2 31. h4 g5 32. Qg7# {Black checkmated}
1-0

[Event "Team 45 45 League T38"]
[Site "Internet Chess Club"]
[Date "2008.08.04"]
[Round "2"]
[White "sakschess"]
[Black "ChessChump"]
[Result "0-1"]
[WhiteElo "1662"]
[BlackElo "1459"]
[Opening "French: advance, Milner-Barry gambit"]
[ECO "B22"]
[Time "18:52:27"]
[TimeControl "2700+45"]

1. e4 c5 2. c3 e6 3. d4 d5 4. e5 Qb6 5. Nf3 Nc6 6. Bd3 Be7 7. O-O Bd7 8. Re1 f6
9. exf6 Nxf6 10. a3 c4 11. Be2 O-O 12. Qc2 Be8 13. Be3 Bg6 14. Qc1 Na5 15. Nbd2
Bd6 16. h3 Rae8 17. Bd1 Bd3 18. Nf1 Qc7 19. N3h2 a6 20. f4 Ne4 21. g3 g5 22.
fxg5 Bxg3 23. Bf3 Nb3 24. Qd1 Nxa1 25. Nxg3 Qxg3+ 26. Bg2 Nc2 27. Re2 Nxe3 28.
Qe1 Bxe2 29. Qxe2 Rf2 30. Qf3 Rxf3 {White resigns} 0-1

[Event "Team 45 45 League T38"]
[Site "Internet Chess Club"]
[Date "2008.07.31"]
[Round "2"]
[White "HappyTiger"]
[Black "Caminator"]
[Result "1-0"]
[WhiteElo "1538"]
[BlackElo "1346"]
[Opening "Evans gambit: compromised defense"]
[ECO "C52"]
[Time "20:00:35"]
[TimeControl "2700+45"]

1. e4 e5 2. Nf3 Nc6 3. Bc4 Bc5 4. b4 Bxb4 5. c3 Ba5 6. d4 exd4 7. O-O dxc3 8.
Qb3 Qe7 9. Ba3 d6 10. e5 Nh6 11. exd6 cxd6 12. Re1 Qxe1+ 13. Nxe1 O-O 14. Bxd6
Re8 15. Nxc3 Bd7 16. Nf3 Bxc3 17. Qxc3 Nf5 18. Ba3 Rac8 19. Qb3 Nd8 20. Ng5 Nh6
21. Rd1 Be6 22. Bxe6 Nxe6 23. Qxb7 Nxg5 24. Qxa7 Ra8 25. Qc5 Ne6 26. Qc3 Rec8
27. Qb2 Rcb8 28. Bb4 Nf5 29. a3 Ne7 30. Qc3 Rc8 31. Qg3 Nc6 32. h3 Ncd4 33. Qd3
Nc2 34. g3 Nxb4 35. axb4 Rd8 36. Qb1 Rxd1+ 37. Qxd1 Rd8 38. Qb1 g6 39. Qb2 Rb8
40. Kg2 h6 41. h4 h5 42. Kf3 Kh7 43. Ke4 Nc5+ 44. Kd4 Na6 45. b5 Nc7 46. b6 Ne6+
47. Kd5 Rd8+ 48. Kc6 Rb8 49. Qe5 Re8 50. Qf6 Nd8+ 51. Kc7 Ne6+ 52. Kd7 Rb8 53.
Qxf7+ Ng7 54. Kc7 Ra8 55. b7 Rf8 56. Qd7 Kh6 57. b8=Q Rxb8 58. Kxb8 Nf5 59. Qd2+
Kh7 60. Qf4 Kg7 61. g4 Nxh4 62. gxh5 Ng2 63. Qg4 Nf4 64. Qxf4 gxh5 65. Qg5+ Kf8
66. Qxh5 Ke7 67. Qg6 Kd7 68. Qf6 Ke8 69. Qg7 Kd8 70. Qc7+ Ke8 71. Kb7 Kf8 72.
Kc6 Ke8 73. Kd6 Kf8 74. Ke6 Kg8 75. Kf6 Kh8 76. Qg7# {Black checkmated} 1-0

[Event "Team 45 45 League T38"]
[Site "Internet Chess Club"]
[Date "2008.08.02"]
[Round "2"]
[White "soccerisfun"]
[Black "Kravier"]
[Result "0-1"]
[WhiteElo "1268"]
[BlackElo "1511"]
[Opening "Sicilian: Taimanov variation"]
[ECO "B48"]
[Time "13:00:08"]
[TimeControl "2700+45"]

1. e4 c5 2. Nf3 a6 3. d4 cxd4 4. Nxd4 Nc6 5. Nc3 e6 6. Be3 Qc7 7. Qd2 Bb4 8.
O-O-O Nf6 9. f3 d5 10. exd5 Nxd5 11. Nde2 Qa5 12. Kb1 Nxc3+ 13. Nxc3 Bxc3 14.
Qxc3 Qxc3 15. bxc3 O-O 16. Bc5 Rd8 17. Bd3 Bd7 18. Be4 f5 19. Bxc6 Bxc6 20. Rd3
Rd5 21. Bf2 Rad8 22. Rhd1 b5 23. Kb2 Kf7 24. Kb3 a5 25. a4 bxa4+ 26. Ka3 Rb8 27.
Rxd5 Bxd5 28. Kxa4 Rb2 29. Kxa5 Rxc2 30. Kb4 Rxf2 31. c4 Bxc4 32. Kxc4 Rxg2 33.
f4 Rxh2 34. Rf1 Re2 35. Kd3 Re4 36. Rf3 e5 37. fxe5 Rxe5 38. Kd4 Re4+ 39. Kd5
Kf6 40. Kc5 g5 41. Kd5 h5 {White resigns} 0-1

[Event "Team 45 45 League T38"]
[Site "Internet Chess Club"]
[Date "2008.08.01"]
[Round "2"]
[White "charles-allen"]
[Black "PandorasBox"]
[Result "1/2-1/2"]
[WhiteElo "1827"]
[BlackElo "2054"]
[Opening "Caro-Kann: anti-Caro-Kann defense"]
[ECO "B10"]
[Time "16:00:37"]
[TimeControl "2700+45"]

1. e4 c6 2. c4 e5 3. d4 Bb4+ 4. Bd2 Bxd2+ 5. Qxd2 d6 6. Nf3 exd4 7. Qxd4 Qf6 8.
Nc3 Qxd4 9. Nxd4 Nf6 10. Be2 O-O 11. O-O Na6 12. Nc2 Be6 13. Ne3 Nc5 14. f3 a5
15. Rfd1 Rfd8 16. Rd2 Rd7 17. Rad1 Rad8 18. a3 Nb3 19. Rd3 Nc5 20. R3d2 a4 21.
Rb1 d5 22. exd5 cxd5 23. cxd5 Nxd5 24. Nexd5 Bxd5 25. Nxd5 Rxd5 26. Rxd5 Rxd5
27. Rd1 Rxd1+ 28. Bxd1 f5 {Game drawn by mutual agreement} 1/2-1/2

[Event "Team 45 45 League T38"]
[Site "Internet Chess Club"]
[Date "2008.08.01"]
[Round "2"]
[White "touchthis"]
[Black "Ocho-Cinco"]
[Result "1/2-1/2"]
[WhiteElo "1789"]
[BlackElo "1736"]
[Opening "Sicilian defense"]
[ECO "B30"]
[Time "22:14:07"]
[TimeControl "2700+45"]

1. e4 c5 2. Nf3 Nc6 3. d3 Nf6 4. g3 g6 5. Bg2 Bg7 6. O-O O-O 7. Nbd2 d6 8. Re1
Be6 9. c3 Qd7 10. Nf1 Bg4 11. Ne3 Ne5 12. Nxg4 Nfxg4 13. Nxe5 Nxe5 14. f4 Nc6
15. Qf3 e6 16. Be3 b5 17. e5 Rac8 18. exd6 Qxd6 19. Rad1 Ne7 20. d4 cxd4 21.
Bxd4 Bxd4+ 22. Rxd4 Qb6 23. Kh1 Rfd8 24. Red1 Rxd4 25. Rxd4 Rd8 26. Rxd8+ Qxd8
27. Qe2 Qb6 28. Bf1 a6 29. b3 Nd5 30. c4 bxc4 31. Qxc4 Ne3 32. Qe2 Qc6+ 33. Kg1
Qc1 34. Kf2 Nd1+ 35. Kg1 Ne3 36. Kf2 Nd1+ {Game drawn by mutual agreement}
1/2-1/2

[Event "Team 45 45 League T38"]
[Site "Internet Chess Club"]
[Date "2008.08.01"]
[Round "2"]
[White "jazzyrick"]
[Black "crazynights"]
[Result "0-1"]
[WhiteElo "1483"]
[BlackElo "1451"]
[Opening "Scotch: Mieses variation"]
[ECO "C45"]
[Time "15:01:32"]
[TimeControl "2700+45"]

1. e4 e5 2. Nf3 Nc6 3. d4 exd4 4. Nxd4 Nf6 5. Nxc6 bxc6 6. e5 Qe7 7. Qe2 Nd5 8.
c4 Ba6 9. g3 O-O-O 10. Bg2 Re8 11. O-O Nb6 12. b3 Qxe5 13. Qxe5 Rxe5 14. Bb2 Re8
15. Nc3 f6 16. Rfd1 Bb7 17. Rd3 d6 18. Rad1 Kb8 19. Kf1 Nd7 20. Re1 Rxe1+ 21.
Kxe1 Be7 22. Re3 Bd8 23. Bh3 Ne5 24. f4 Nf7 25. Ne2 d5 26. Nd4 c5 27. Nf3 d4 28.
Rd3 Re8+ 29. Kf2 Nd6 30. Nd2 Ne4+ 31. Nxe4 Bxe4 32. Rd2 f5 33. Ba3 Be7 34. Bf1
Bd6 35. Be2 Kb7 36. Rb2 a5 37. Rd2 Bc6 38. Bd3 Be4 39. Be2 Kb6 40. Bc1 Ra8 41.
a4 Rg8 42. Rb2 Be7 43. Rd2 g5 44. Rb2 gxf4 45. Bxf4 Bg5 46. Bf1 Bxf4 47. gxf4
Rg4 {White resigns} 0-1

[Event "Team 45 45 League T38"]
[Site "Internet Chess Club"]
[Date "2008.07.31"]
[Round "2"]
[White "ChessChamp"]
[Black "BraafPaard"]
[Result "1-0"]
[WhiteElo "1636"]
[BlackElo "1508"]
[Opening "Caro-Kann: Steinitz variation"]
[ECO "B17"]
[Time "15:00:03"]
[TimeControl "2700+45"]

1. e4 c6 2. d4 d5 3. Nc3 dxe4 4. Nxe4 Nd7 5. Nf3 Ngf6 6. Nxf6+ Nxf6 7. Bc4 Bg4
8. Ne5 Be6 9. Bxe6 fxe6 10. Bg5 g6 11. c3 Nd7 12. Nf3 Bg7 13. Qb3 Nb6 14. Qxe6
Qd6 15. Qe2 Nd5 16. O-O h6 17. Bd2 O-O-O 18. b4 Nc7 19. a4 g5 20. Rfe1 Rhe8 21.
Ne5 Bxe5 22. Qxe5 Qxe5 23. Rxe5 e6 24. Rae1 Rd5 25. h4 Rxe5 26. Rxe5 gxh4 27.
Rh5 Rh8 28. Rxh4 h5 29. g4 Nd5 30. Rxh5 Rg8 31. f3 Rg7 32. Kh2 Kd7 33. Kg3 Ke7
34. Kh4 Kf7 35. Rh6 Nb6 36. a5 Nc4 37. Bc1 Nd6 38. Bf4 Nc4 39. Be5 Nxe5 40. dxe5
a6 41. Kh5 Ke7 42. g5 Rf7 43. Rf6 Rh7+ 44. Kg6 {Black resigns} 1-0

[Event "Team 45 45 League T38"]
[Site "Internet Chess Club"]
[Date "2008.08.02"]
[Round "2"]
[White "tsia68"]
[Black "chess9793"]
[Result "1/2-1/2"]
[WhiteElo "1938"]
[BlackElo "1796"]
[Opening "Sicilian: closed, 6.f4"]
[ECO "B25"]
[Time "14:00:30"]
[TimeControl "2700+45"]

1. e4 c5 2. Nc3 g6 3. g3 Bg7 4. Bg2 Nc6 5. d3 d6 6. f4 Nf6 7. Nf3 O-O 8. O-O Bd7
9. h3 e6 10. Be3 Re8 11. g4 Rc8 12. Ne2 Kh8 13. Ng3 b6 14. f5 exf5 15. gxf5 gxf5
16. Ng5 Qe7 17. Nxf5 Bxf5 18. Rxf5 h6 19. Qd2 hxg5 20. Bxg5 Qe6 21. Bxf6 Bxf6
22. Qh6+ Kg8 23. Rxf6 Qe5 24. Rf5 Re6 25. Qg5+ Qg7 26. Qxg7+ Kxg7 27. Raf1 Rc7
28. c3 Ne5 29. d4 Ng6 30. Rg5 Kh6 31. Rff5 cxd4 32. Rh5+ Kg7 33. cxd4 Rc2 34.
Rf2 Rxf2 35. Kxf2 Nf4 36. Rg5+ Kh6 37. Rf5 Nxg2 38. Kxg2 Rxe4 39. Rxf7 Rxd4 40.
Rxa7 Rd2+ 41. Kf3 Rxb2 42. Rd7 Rd2 43. Ke3 Rxa2 44. Rxd6+ Kg5 45. Rxb6 Ra3+ 46.
Ke4 Rxh3 {Game drawn by mutual agreement} 1/2-1/2

[Event "Team 45 45 League T38"]
[Site "Internet Chess Club"]
[Date "2008.08.03"]
[Round "2"]
[White "JABalin"]
[Black "tryanything"]
[Result "0-1"]
[WhiteElo "1610"]
[BlackElo "1691"]
[Opening "Budapest: Adler variation"]
[ECO "A52"]
[Time "17:59:03"]
[TimeControl "2700+45"]

1. d4 Nf6 2. c4 e5 3. dxe5 Ng4 4. Nf3 Bc5 5. e3 Nc6 6. g3 Ngxe5 7. Nxe5 Nxe5 8.
Bg2 O-O 9. O-O d6 10. Nc3 Nxc4 11. Na4 c6 12. Qc2 Ne5 13. Nxc5 dxc5 14. Qxc5 Ng6
15. Qc2 Be6 16. b3 Qc8 17. Bb2 Bh3 18. Qc3 f6 19. Qc4+ Kh8 20. Ba3 Bxg2 21. Kxg2
Ne5 22. Qc2 Re8 23. Rad1 Ng4 24. h3 Ne5 25. Bd6 Nf7 26. Qc4 Ng5 27. Qg4 Qxg4 28.
hxg4 h6 29. Bb4 b6 30. Rd7 c5 31. Bc3 Kg8 32. Rfd1 Ne6 33. b4 Red8 34. Rxd8+
Rxd8 35. Rxd8+ Nxd8 36. bxc5 bxc5 37. Kf3 Kf7 38. Ke4 Ke6 39. f4 Nb7 40. f5+ Kd6
41. Kd3 Nd8 42. e4 Nc6 43. Kc4 a6 44. a3 Ne5+ 45. Bxe5+ Kxe5 46. Kxc5 Kxe4 47.
Kd6 Kf3 48. Ke7 Kxg3 49. Kf7 Kxg4 50. Kxg7 Kxf5 51. Kxh6 Ke4 52. Kg6 f5 53. Kg5
f4 54. Kg4 Ke3 55. Kh3 Ke2 56. a4 f3 57. Kg3 f2 58. Kf4 f1=Q+ 59. Ke5 Qd1 60.
Ke4 Qd3+ 61. Ke5 Ke3 62. Ke6 Qd4 63. Kf5 Qf4+ 64. Ke6 Qg5 {White resigns} 0-1

[Event "Team 45 45 League T38"]
[Site "Internet Chess Club"]
[Date "2008.08.02"]
[Round "2"]
[White "A-Ru"]
[Black "searchforbobby1"]
[Result "1/2-1/2"]
[WhiteElo "1898"]
[BlackElo "2252"]
[Opening "Queen's pawn"]
[ECO "A40"]
[Time "19:00:07"]
[TimeControl "2700+45"]

1. d4 e6 2. Nf3 f5 3. d5 exd5 4. Qxd5 d6 5. Bg5 Nf6 6. Qb3 h6 7. Bf4 g5 8. Be3
Nc6 9. Nd4 Nxd4 10. Bxd4 Bg7 11. e3 c6 12. Be2 Qe7 13. Bxf6 Bxf6 14. Bh5+ Kf8
15. Nd2 Kg7 16. O-O Be6 17. Qa3 d5 18. Qxe7+ Bxe7 19. Nf3 Bf6 20. Nd4 Bd7 21. c3
c5 22. Nb3 b6 23. Bf3 Be6 24. Rad1 Rad8 25. Rd2 g4 26. Be2 h5 27. Rfd1 h4 28. g3
Rh6 29. Bf1 hxg3 30. hxg3 Rdh8 31. Bg2 Rh2 32. Nc1 d4 33. Ne2 Rxg2+ 34. Kxg2
Bd5+ 35. Kf1 Rh1+ 36. Ng1 Bc4+ 37. Kg2 Bd5+ 38. Kf1 Bxa2 39. cxd4 Bc4+ 40. Kg2
Bd5+ 41. Kf1 cxd4 42. exd4 Bc4+ 43. Kg2 Bd5+ 44. Kf1 Bg5 45. Rc2 f4 46. Rc7+ Kf6
47. Re1 b5 48. Re5 Bf3 49. Rxa7 fxg3 50. fxg3 Bc1 51. Ra6+ Kf7 52. Ra7+ Kf6 53.
Ra6+ Kf7 54. Kf2 Rh2+ 55. Kf1 Rh1 56. Ra7+ {Game drawn by mutual agreement}
1/2-1/2

[Event "Team 45 45 League T38"]
[Site "Internet Chess Club"]
[Date "2008.07.31"]
[Round "2"]
[White "Mustard"]
[Black "Kingofknights"]
[Result "1-0"]
[WhiteElo "1845"]
[BlackElo "1772"]
[Opening "Caro-Kann defense"]
[ECO "B10"]
[Time "16:31:03"]
[TimeControl "2700+45"]

1. e4 c6 2. f4 d5 3. Nc3 dxe4 4. Nxe4 Bf5 5. Ng3 Bd7 6. Nf3 Nf6 7. d4 e6 8. Bd3
c5 9. O-O Nc6 10. f5 Be7 11. Ng5 Nxd4 12. fxe6 Nxe6 13. Nxe6 Bxe6 14. Nh5 Qd4+
15. Kh1 Nxh5 16. Qxh5 Qg4 17. Qe5 O-O 18. Rf4 Qg5 19. Qc7 Qd5 20. Qxe7 c4 21.
Rxc4 Rfe8 22. Qh4 f5 23. Bd2 Qd7 24. Rf4 Rac8 25. Bc3 Rc7 26. Qg5 h6 27. Qg6 Qd5
28. Bxf5 Bxf5 29. Qxf5 Qd6 30. Raf1 a6 31. Qh5 Rec8 32. Be5 Qc5 33. Rf5 Qxc2 34.
Bxc7 Rxc7 35. Rf8+ Kh7 36. Qe8 {Black resigns} 1-0

[Event "Team 45 45 League T38"]
[Site "Internet Chess Club"]
[Date "2008.08.05"]
[Round "2"]
[White "Rookmaster"]
[Black "Archdruid"]
[Result "1/2-1/2"]
[WhiteElo "1844"]
[BlackElo "1805"]
[Opening "Two knights defense"]
[ECO "C56"]
[Time "10:01:12"]
[TimeControl "2700+45"]

1. e4 e5 2. Nf3 Nc6 3. Bc4 Nf6 4. d4 exd4 5. O-O Nxe4 6. Re1 d5 7. Bxd5 Qxd5 8.
Nc3 Qa5 9. Nxe4 Be6 10. Bd2 Bb4 11. Nxd4 Nxd4 12. c3 Nf3+ 13. Qxf3 Be7 14. c4
Qb6 15. b3 O-O 16. Bc3 f5 17. Qg3 Rf7 18. Ng5 Bxg5 19. Qxg5 Raf8 20. Rad1 Qc6
21. Rd8 Rxd8 22. Qxd8+ Rf8 23. Qe7 Bf7 24. Qg5 Qg6 25. Qxg6 Bxg6 26. f4 c6 27.
Kf2 Rf7 28. Bb4 h5 29. h4 Rd7 30. Re7 Rxe7 31. Bxe7 Be8 32. Ke3 Kf7 33. Bc5 a6
34. Kd4 Ke6 35. Bb6 Kd6 36. Bc5+ Ke6 37. a4 g6 38. a5 Bf7 39. Bf8 Be8 40. Kc5
Kd7 41. Bd6 Bf7 42. Be5 Be8 43. Kb6 Kc8 44. g3 Bf7 45. Kc5 Kd7 46. Kb6 Kc8 47.
Bf6 Bg8 48. Bd4 Bf7 49. Kc5 Kd7 50. Be5 Be6 51. Kb6 Kc8 52. Bc7 Bf7 {Game drawn
by mutual agreement} 1/2-1/2

[Event "Team 45 45 League T38"]
[Site "Internet Chess Club"]
[Date "2008.07.31"]
[Round "2"]
[White "gotcha"]
[Black "Marichan"]
[Result "0-1"]
[WhiteElo "1451"]
[BlackElo "1762"]
[Opening "King's Indian: London system"]
[ECO "A48"]
[Time "18:02:51"]
[TimeControl "2700+45"]

1. d4 Nf6 2. Nf3 g6 3. Bf4 Bg7 4. c3 O-O 5. Nbd2 d6 6. e4 Nbd7 7. Bc4 Nh5 8. Be3
e5 9. O-O exd4 10. Bxd4 Ne5 11. Bb3 Bg4 12. h3 Bxf3 13. Nxf3 Re8 14. g4 Nf4 15.
Kh2 Nxf3+ 16. Qxf3 Be5 17. Bxe5 dxe5 18. Rad1 Qe7 19. Rd2 Rad8 20. Rfd1 Rxd2 21.
Rxd2 Rd8 22. Qe3 Rxd2 23. Qxd2 Qh4 24. Qe3 a6 25. Bc4 Qd8 26. Qc5 Qd6 27. Qxd6
cxd6 28. Bd5 b5 29. Bb7 a5 30. Ba6 b4 31. cxb4 axb4 32. a4 bxa3 33. bxa3 Ne6 34.
Bb7 Nc5 35. Bc6 Nb3 36. Kg3 Kf8 37. f4 Ke7 38. h4 f6 39. h5 gxh5 40. gxh5 h6 41.
Kg4 Nd4 42. Bd5 Kd8 43. a4 Kc7 44. a5 Kb8 45. a6 Ka7 46. Bb7 Kb6 47. fxe5 fxe5
48. Bc8 Nc6 49. Kf5 Ne7+ 50. Kf6 Nxc8 51. Kg6 Kxa6 52. Kxh6 d5 53. exd5 e4 54.
Kg7 Ne7 55. d6 Nf5+ 56. Kf6 Nxd6 57. h6 Ne8+ 58. Kf7 Nd6+ 59. Kf6 e3 60. h7 e2
61. h8=R e1=Q 62. Ra8+ Kb7 {White resigns} 0-1

[Event "Team 45 45 League T38"]
[Site "Internet Chess Club"]
[Date "2008.08.03"]
[Round "2"]
[White "QueensCounselor"]
[Black "Fezzik"]
[Result "1-0"]
[WhiteElo "1884"]
[BlackElo "1969"]
[Opening "French: classical, Steinitz variation"]
[ECO "C14"]
[Time "15:06:13"]
[TimeControl "2700+45"]

1. e4 e6 2. d4 d5 3. Nc3 Nf6 4. Bg5 Be7 5. e5 Nfd7 6. Bxe7 Qxe7 7. f4 O-O 8. Nf3
c5 9. dxc5 Nc6 10. Qd2 f6 11. exf6 Qxf6 12. g3 Nxc5 13. O-O-O Rd8 14. Qe1 Bd7
15. Qe3 b6 16. Bg2 Rac8 17. Nd4 Nxd4 18. Rxd4 Be8 19. Re1 Bg6 20. Bh3 Ne4 21.
Nxe4 Bxe4 22. Rxe4 dxe4 23. Qxe4 Re8 24. Bxe6+ Kf8 25. Kb1 Rcd8 26. f5 Rd4 27.
Qe3 Red8 28. Kc1 Rd2 29. Qa3+ Qe7 30. Qxe7+ Kxe7 31. Bd7+ Kf6 32. Kxd2 Rxd7+ 33.
Kc3 Kxf5 34. b4 g5 35. a4 Kg4 36. Kc4 Rc7+ 37. Kd3 Rd7+ 38. Kc3 Kh3 39. Re2 h5
40. Kb3 Rf7 41. c4 Rf3+ 42. Kb2 Rf5 43. Kc3 Rf3+ 44. Kd4 Rb3 45. Re5 Rxb4 46.
Rxg5 Kxh2 47. Rxh5+ Kxg3 48. a5 Kg4 49. Rd5 Kf4 50. axb6 Rxb6 51. Ra5 Rb7 52.
Kd5 Rh7 53. Kd6 Rh6+ 54. Kc7 a6 55. Kb7 Ke4 56. c5 Rh7+ 57. Kxa6 Rh6+ 58. Kb7
Rh7+ 59. Kc6 Ke5 60. Ra1 Kd4 61. Kb6 Kd5 62. Rd1+ Ke6 63. c6 Rh2 64. c7 Rc2 65.
Kb7 Rb2+ 66. Kc8 Rh2 67. Rb1 Rh8+ 68. Kb7 Kd7 69. Rd1+ {Black resigns} 1-0

[Event "Team 45 45 League T38"]
[Site "Internet Chess Club"]
[Date "2008.08.02"]
[Round "2"]
[White "kabindra"]
[Black "predkoo"]
[Result "1-0"]
[WhiteElo "1893"]
[BlackElo "1787"]
[Opening "Scotch gambit"]
[ECO "C44"]
[Time "02:58:02"]
[TimeControl "2700+45"]

1. e4 e5 2. Nf3 Nc6 3. d4 exd4 4. Bc4 Bb4+ 5. c3 dxc3 6. bxc3 Bc5 7. Bg5 f6 8.
Bf4 d5 9. Qxd5 Qxd5 10. exd5 Na5 11. Nbd2 Bd6 12. Bxd6 cxd6 13. O-O Bd7 14.
Rfe1+ Kf7 15. Bd3 Ne7 16. Ne4 Nc8 17. Nd4 a6 18. Ne6 Bxe6 19. dxe6+ Ke7 20. c4
f5 21. Ng5 g6 22. Rac1 b6 23. Nh3 Na7 24. Nf4 Nc8 25. Nd5+ Kf8 26. e7+ {Black
resigns} 1-0